 Dungeon Crawl Stone Soup version 0.26.0-10-g1f06aea511 (webtiles) character file.

Game seed: 12136154333794300523

58 Arum the Shield-Bearer (level 4, -10/37 HPs)
             Began as a Formicid Fighter on Jan 15, 2021.
             Was an Initiate of Ru.
             Mangled by an orc warrior
             ... wielding a +0 halberd
              (11 damage)
             ... on level 3 of the Dungeon.
             The game lasted 00:02:00 (1951 turns).

Arum the Shield-Bearer (Formicid Fighter)           Turns: 1951, Time: 00:02:00

Health: -10/37     AC:  7    Str: 22    XL:     4   Next: 20%
Magic:  4/4        EV:  8    Int:  7    God:    Ru [......]
Gold:   133        SH:  9    Dex: 10    Spells: 3/3 levels left

rFire    . . .     SeeInvis +   a - +0 quarterstaff
rCold    . . .     Faith    .   c - +0 kite shield
rNeg     . . .     Spirit   .   b - +0 scale mail
rPois    .         Reflect  .   (helmet unavailable)
rElec    .         Harm     .   (no cloak)
rCorr    .         Rampage  .   (no gloves)
Will     .....                  (no boots)
Stlth    ..........             (no amulet)
HPRegen  0.12/turn              (no ring)
MPRegen  0.09/turn              (no ring)

@: no status effects
A: permanent stasis, dig shafts and tunnels, four strong arms, antennae 3
a: Dig, Shaft Self, Renounce Religion


You were on level 3 of the Dungeon.
You worshipped Ru.
Ru was noncommittal.
You visited 1 branch of the dungeon, and saw 3 of its levels.

You collected 133 gold pieces.

Inventory:

Hand Weapons
 a - a +0 quarterstaff (weapon)
Armour
 b - a +0 scale mail (worn)
 c - a +0 kite shield (worn)
Scrolls
 f - 3 scrolls of identify {unknown}
 g - 2 scrolls of fear {unknown}
 k - a scroll of magic mapping {unknown}
 m - a scroll of teleportation {unknown}
Potions
 d - a potion of might
 e - a potion of attraction {unknown}
 h - a potion of ambrosia {unknown}
 i - a potion of resistance {unknown}
 j - 2 potions of heal wounds {unknown}
 l - a potion of brilliance {unknown}


   Skills:
 + Level 3.9 Fighting
 + Level 2.6 Staves
 + Level 3.9 Armour
 + Level 4.2 Shields


You had 3 spell levels left.
You didn't know any spells.
Your spell library was empty.

Dungeon Overview and Level Annotations

Branches:
Dungeon (3/15)

Altars:
Cheibriados
Ru
Uskayaw


Innate Abilities, Weirdness & Mutations

You cannot be hasted, slowed, berserked, paralysed or teleported.
You can dig through walls and to a lower floor.
Your four strong arms can wield two-handed weapons with a shield.
You have a pair of large antennae on your head. (SInv)


Message History

You are too injured to fight recklessly!
You are too injured to fight recklessly!
You are too injured to fight recklessly!
You are too injured to fight recklessly!
You sock the bat!
You kill the bat!
You block the kobold's attack.
You sock the kobold!
You kill the kobold!
You see here a +0 short sword.
You hit the orc warrior but do no damage.
The orc warrior is moderately wounded.
The orc warrior hits you with a +0 halberd!!
* * * LOW HITPOINT WARNING * * *
Okay, then.
Are you sure you want to shaft yourself?
The orc wizard points at itself and mumbles some strange words.
The orc wizard flickers and vanishes for a moment.
The orc warrior hits you with a +0 halberd!
You die...

.......# #.......$.#
.......######.........#
......................#
..........###.........#
.......#....+[........#
...........##...o../..#
.......##..##..ooo....#
....#<.....#####o######
....######.# #@# ....#
#.# ##.##### ....#
###'####......#
....####.......##....#
....##.#.......##....#
....'..#...[...##....#
....##.#.......##....#
....##.#.......##....#
######.###.....##....#


You could see an orc warrior, 3 orc wizards and an orc.

Vanquished Creatures
  An adder (D:2)
  A worm (D:2)
  2 dart slugs
  A leopard gecko (D:1)
  5 bats
  3 giant cockroaches
  5 goblins
  3 hobgoblins
  6 kobolds
  A quokka (D:2)
  2 ball pythons
  2 frilled lizards (D:2)
  8 rats
40 creatures vanquished.

Notes
Turn   | Place    | Note
-------+----------+-------------------------------------------
     0 | D:1      | Arum the Formicid Fighter began the quest for the Orb.
     0 | D:1      | Reached XP level 1. HP: 18/18 MP: 1/1
   169 | D:1      | Reached XP level 2. HP: 24/24 MP: 2/2
   818 | D:1      | Reached XP level 3. HP: 29/29 MP: 3/3
  1062 | D:2      | Reached skill level 4 in Shields
  1309 | D:2      | Found a snail-covered altar of Cheibriados.
  1312 | D:2      | Found a hide-covered altar of Uskayaw.
  1315 | D:2      | Found a sacrificial altar of Ru.
  1333 | D:2      | Became a worshipper of Ru the Awakened
  1569 | D:2      | Reached XP level 4. HP: 23/37 MP: 4/4
  1936 | D:3      | Noticed an orc warrior
  1950 | D:3      | HP: 1/37 [orc warrior/+0 halberd (18)]
  1951 | D:3      | Mangled by an orc warrior

Illustrated notes

Levels and vault maps discovered:
D:1:      lemuel_arrival_behind_the_door_large, layout_loops_corners, hex_large,
          palyth_stone_intersect, patterned_corridor
D:2:      layout_basic, grunt_temple_overflow_diamond,
          chequers_serial_rivers_marsh, minmay_rat_gold_closets
D:3:      layout_basic, evilmike_ruin_ashenzari, uniq_sigmund

Skill      XL: |  1  2  3 |
---------------+----------+-----
Shields        | 4 |  4.2
Fighting       | |  3.9
Staves         | |  2.6
Armour         | |  3.9

Action                   |  1- 3 |  4- 6 || total
-------------------------+-------+-------++-------
Melee: Quarterstaff      |   104 |    10 ||   114
 Abil: Shaft Self        |       |     1 ||     1
Armor: Scale mail        |    44 |     9 ||    53
Dodge: Dodged            |    40 |     4 ||    44
Block: Kite shield       |    47 |     9 ||    56
